 Dungeon Sprint DCSS version 0.20-a0-556-g892c87b (webtiles) character file.

45 Kidiri the Thaumaturge (level 3, -1/19 HPs)
             Began as a Deep Elf Fire Elementalist on Feb 4, 2017.
             Was a Believer of Vehumet.
             Killed by divine providence
             ... invoked by a smoke demon
              (12 damage)
             ... in the Dungeon (Sprint V: "Ziggurat Sprint").
             The game lasted 00:02:43 (532 turns).

Kidiri the Thaumaturge (Deep Elf Fire Elementalist)  Turns: 532, Time: 00:02:44

Health: -1/19      AC:  8    Str:  5    XL:     3   Next: 42%
Magic:  21/21      EV: 11    Int: 41    God:    Vehumet [**....]
Gold:   0          SH:  0    Dex: 15    Spells: 9/19 levels left

rFire    . . .     SeeInvis .   m - +6 Majin-Bo {vamp, Archmagi MP+6 Int+6}
rCold    . . .     Gourm    .   I - +1 acid dragon scales
rNeg     . . .     Faith    .   (shield currently unavailable)
rPois    .         Spirit   .   J - +0 helmet {Int+3}
rElec    .         Reflect  .   (no cloak)
rCorr    +         Harm     .   (no gloves)
MR       .....     NoTele   +   (no boots)
Stlth    ++........             (no amulet)
Regen    0.1/turn               B - +6 ring of intelligence
                                A - +6 ring of intelligence

@: no status effects
A: no striking features
a: Renounce Religion


You were in the Dungeon.
You worshipped Vehumet.
Vehumet was pleased with you.
You were very full.

You visited 1 branch

Inventory:

Hand Weapons
 m - the +6 Majin-Bo (weapon) {vamp, Archmagi MP+6 Int+6}
   (You found it in the Dungeon)

   It inflicts no extra harm, but heals its wielder when it wounds a living foe.
   It affects your intelligence (+6).
   It affects your magic capacity (+6).
Armour
 a - a +0 robe
 I - +1 acid dragon scales (worn)
 J - a +0 helmet of intelligence (worn)
Jewellery
 y - a +6 ring of dexterity
 z - a +6 ring of dexterity
 A - a +6 ring of intelligence (left hand)
 B - a +6 ring of intelligence (right hand)
 C - a +6 ring of strength
 D - a +6 ring of strength
 K - a +4 ring of slaying
 L - an uncursed ring of protection from cold
Wands
 E - a wand of disintegration (7/24)
 F - a wand of iceblast (4/15)
 G - a wand of lightning (5/15)
 H - a wand of acid (5/15)
Scrolls
 i - 4 scrolls of blinking
 p - 4 scrolls of amnesia
 q - 3 scrolls of recharging
 r - 7 scrolls of fog
 s - a scroll of holy word
 t - 5 scrolls of identify
 u - 5 scrolls of remove curse
 v - 2 scrolls of fear
Potions
 d - 10 potions of curing
 e - 9 potions of heal wounds
 f - 6 potions of haste
 g - 7 potions of magic
 h - 3 potions of berserk rage
 j - 2 potions of brilliance
 k - 2 potions of invisibility
 l - 4 potions of resistance
 n - 5 potions of agility
 o - 5 potions of might
Books
 b - a book of Flames

   Spells                             Type                      Level
   a - Flame Tongue                   Conjuration/Fire             1
   b - Throw Flame                    Conjuration/Fire             2
   c - Conjure Flame                  Conjuration/Fire             3
   d - Inner Flame                    Hexes/Fire                   3
   e - Sticky Flame                   Conjuration/Fire             4
   f - Fireball                       Conjuration/Fire             5
Comestibles
 c - 5 bread rations
 w - 30 fruits
 x - 4 meat rations


   Skills:
 + Level 0.0 Fighting
 + Level 0.0 Staves
 + Level 0.0 Armour
 + Level 2.4 Dodging
 - Level 2.4 Stealth
 * Level 8.7 Spellcasting
 + Level 4.5 Conjurations
 + Level 5.7 Fire Magic
 + Level 1.0 Ice Magic
 + Level 0.0 Evocations


You had 9 spell levels left.
You knew the following spells:

 Your Spells              Type           Power        Failure   Level  Hunger
a - Flame Tongue          Conj/Fire      #####        1%          1    None
b - Throw Flame           Conj/Fire      ######       1%          2    None
c - Freeze                Ice            ####         2%          1    None
d - Conjure Flame         Conj/Fire      ######..     1%          3    None
e - Inner Flame           Hex/Fire       ######..     4%          3    None


Dungeon Overview and Level Annotations

Branches:
Dungeon (1/1)

Altars:
Ashenzari
Cheibriados
Dithmenos
Elyvilon
Fedhas
Gozag
Hepliaklqana
Kikubaaqudgha
Makhleb
Nemelex Xobeh
Okawaru
Qazlal
Ru
Sif Muna
Trog
Uskayaw
Vehumet
Xom
Yredelemnul
Zin
The Shining One
Beogh
Jiyva
Lugonu


Message History

Okay, then.
Unknown command.
Evoke which item? (* to show all) (? for menu, Esc to quit)
Aiming: Iceblast
Press: ? - help, Shift-Dir - straight line, f - smoke demon
Aim: a smoke demon The mass of ice explodes!
The iceblast engulfs the smoke demon.
The smoke demon is lightly wounded.
The iceblast engulfs the shadow imp.
The shadow imp partially resists.
The shadow imp is moderately wounded.
The shadow imp shouts!
The iceblast engulfs the large abomination.
The iceblast engulfs the shadow imp.
The shadow imp partially resists.
The shadow imp is severely wounded.
The shadow imp shouts!
This wand has 4 charges left.
The smoke demon gestures at you. Something smites you!
Ouch! That really hurt!
You die...

▓.....▓.....▓▓▓▓▓▓▓
▓▓▓▓▓▓▓▓▓▓▓▓▓▓
▓..8©8...▓
▓..)5=...▓
▓...3X...▓
▓...5....▓
........▓
▓.▓....▓.▓
▓...@....▓
▓▓▓▓▓▓▓▓▓▓


You could see a large abomination, a smoke demon and 2 shadow imps.

Vanquished Creatures
  An adder (D)
  2 shadow imps (D)
  2 adder zombies (D)
  A ball python (D)
  A bat zombie (D)
  A ball python skeleton (D)
  A ball python zombie (D)
9 creatures vanquished.

Notes
Turn   | Place    | Note
-------+----------+-------------------------------------------
     0 | D        | Kidiri the Deep Elf Fire Elementalist began the quest for the Orb.
     0 | D        | Reached XP level 1. HP: 10/10 MP: 6/6
     0 | D        | Found a deep blue altar of Sif Muna.
     0 | D        | Found a sacrificial altar of Ru.
     0 | D        | Found a bloodstained altar of Trog.
     0 | D        | Found a stormy altar of Qazlal.
     0 | D        | Found an iron altar of Okawaru.
     0 | D        | Found a sparkling altar of Nemelex Xobeh.
     0 | D        | Found a blossoming altar of Fedhas.
     2 | D        | Found an ancient bone altar of Kikubaaqudgha.
     2 | D        | Found a viscous altar of Jiyva.
     2 | D        | Found a corrupted altar of Lugonu.
     2 | D        | Found a hazy altar of Hepliaklqana.
     2 | D        | Found a burning altar of Makhleb.
     2 | D        | Found an opulent altar of Gozag.
    48 | D        | Became a worshipper of Vehumet
    49 | D        | Reached skill level 7 in Spellcasting
    49 | D        | Reached skill level 5 in Fire Magic
    49 | D        | Reached XP level 2. HP: 15/15 MP: 6/12
    71 | D        | Learned a level 2 spell: Throw Flame
   128 | D        | Entered arena 1.
   267 | D        | Entered arena 2.
   270 | D        | Reached * piety under Vehumet
   270 | D        | Offered knowledge of Freeze by Vehumet.
   270 | D        | Reached skill level 8 in Spellcasting
   295 | D        | Learned a level 1 spell: Freeze
   338 | D        | Entered arena 3.
   339 | D        | Reached ** piety under Vehumet
   339 | D        | Reached XP level 3. HP: 19/19 MP: 14/14
   342 | D        | Offered knowledge of Sandblast by Vehumet.
   345 | D        | Reached skill level 1 in Ice Magic
   350 | D        | Learned a level 3 spell: Conjure Flame
   354 | D        | Learned a level 3 spell: Inner Flame
   531 | D        | Entered arena 4.
   531 | D        | Noticed a large abomination
   531 | D        | Noticed a smoke demon
   532 | D        | Killed from afar by a smoke demon

Vault maps used:
D:        sprint_v

Skill      XL: |  1  2  3 |
---------------+----------+-----
Spellcasting   | 7 8 |  8.7
Conjurations   | 4 |  4.5
Fire Magic     | 5 |  5.7
Ice Magic      | 1 |  1.0
Dodging        | |  2.4
Stealth        | |  2.4

Action                   || total
-------------------------++-------
 Cast: Flame Tongue      ||    21
Evoke: Wand              ||     1
  Use: Potion            ||     2
  Eat: Fruit             ||    12
Armor: Acid dragon scale ||     5
Dodge: Dodged            ||     3
